 Dungeon Crawl Stone Soup version 0.30-a0-859-gf88a04b62d (webtiles) character file.

Game seed: 2637923592781779701

29134 Farfigtubin the Tainter (level 13, -6/55 HPs)
             Began as a Spriggan Venom Mage on Mar 5, 2023.
             Was a High Priest of Sif Muna.
             Mangled by a redback (7 damage)
             ... on level 1 of the Spider Nest on Mar 6, 2023.
             The game lasted 03:00:04 (19084 turns).

Farfigtubin the Tainter (Spriggan Venom Mage)      Turns: 19084, Time: 03:00:04

Health: -6/55      AC:  3    Str:  4    XL:     13   Next: 13%
Magic:  25/30      EV: 43    Int: 27    God:    Sif Muna [*****.]
Gold:   333        SH:  0    Dex: 16    Spells: 27/36 levels left

rFire   . . .      SeeInvis +    b - +0 sling (flame)
rCold   . . .      Faith    .    (no shield)
rNeg    . . .      Spirit   .    t - +0 robe
rPois   .          Reflect  .    p - +1 hat
rElec   .          Rampage  .    e - scarf {repulsion}
rCorr   .                        (gloves unavailable)
Will    ++...                    (boots unavailable)
Stlth   +++++                    T - amulet of the acrobat
HPRegen 0.29/turn                X - +5 ring of evasion
MPRegen 0.22/turn                Q - +6 ring of intelligence

@: spiked, acrobatic, very slightly contaminated, repel missiles, very quick
A: very small, no large weapons, unfitting armour, see invisible, speed 3
a: Renounce Religion, Channel Magic, Forget Spell, Divine Exegesis


You were on level 1 of the Spider Nest.
You worshipped Sif Muna.
Sif Muna was extremely pleased with you.
You visited 5 branches of the dungeon, and saw 17 of its levels.

You collected 783 gold pieces.
You spent 450 gold pieces at shops.

Inventory:

Hand Weapons
 a - a +2 short sword of venom
 b - a +0 sling of flaming (weapon)
 I - a +0 short sword of flaming
 Z - a +2 vampiric scimitar
Missiles
 c - 134 stones
 n - 15 poisoned darts
 L - 4 boomerangs
Armour
 e - a scarf of repulsion (worn)
 p - a +1 hat (worn)
 t - a +0 robe (worn)
 Y - the +1 robe "Etzon" {rF+++ rN+ Int-5 Stlth+}
   (You found it on level 1 of the Lair of Beasts)

   Int:       It affects your intelligence (-5).
   rF:        It renders you almost immune to fire.
   rN:        It protects you from negative energy.
   Stlth:     It makes you more stealthy.
Jewellery
 j - a ring of willpower
 k - an amulet of magic regeneration
 K - an amulet of guardian spirit
 M - an amulet of regeneration
 Q - a +6 ring of intelligence (right hand)
 T - an amulet of the acrobat (around neck)
 X - a +5 ring of evasion (left hand)
Wands
 s - a wand of paralysis (21)
 O - a wand of flame (9)
 U - a wand of digging (6)
Scrolls
 d - a scroll of identify
 f - 3 scrolls of enchant weapon
 g - 2 scrolls of fear {unknown}
 h - a scroll of torment {unknown}
 m - 2 scrolls of blinking {unknown}
 o - 3 scrolls of poison
 u - 2 scrolls of teleportation {unknown}
 v - a scroll of enchant armour {unknown}
 y - 2 scrolls of fog
 z - 4 scrolls of vulnerability
 B - a scroll of brand weapon {unknown}
 C - a scroll of silence {unknown}
 E - 2 scrolls of magic mapping {unknown}
 G - a scroll of amnesia {unknown}
 J - a scroll of acquirement {unknown}
 R - a scroll of summoning {unknown}
Potions
 l - a potion of heal wounds
 q - 3 potions of brilliance
 w - 3 potions of might
 x - 2 potions of resistance
 A - 7 potions of flight
 D - a potion of ambrosia
 F - a potion of cancellation {unknown}
 N - 5 potions of magic
 P - a potion of invisibility {unknown}
 W - a potion of curing {unknown}


   Skills:
 - Level 6.5 Ranged Weapons
 + Level 10.3 Dodging
 - Level 12.1 Stealth
 + Level 12.0 Spellcasting
 * Level 6.5 Summonings
 - Level 1.3 Transmutations
 + Level 13.0 Poison Magic
 + Level 6.1 Invocations


You had 27 spell levels left.
You knew the following spells:

 Your Spells              Type           Power      Damage    Failure   Level
a - Sting                 Tmut/Pois      100%       1d8       1%          1
b - Poisonous Vapours     Pois/Air       100%       N/A       1%          2
c - Summon Guardian Gole  Hex/Summ       33%        N/A       2%          3
d - Call Canine Familiar  Summ           51%        N/A       1%          3

Your spell library contained the following spells:

 Spells                   Type           Power      Damage    Failure   Level
 Summon Small Mammal      Summ           100%       N/A       1%          1
 Mephitic Cloud           Conj/Pois/Air  39%        N/A       1%          3
 Olgreb's Toxic Radiance  Pois           72%        N/A       1%          4
 Wereblood                Tmut           23%        N/A       3%          2
 Sublimation of Blood     Necr           16%        N/A       5%          2
 Portal Projectile        Hex/Tloc       32%        N/A       11%         3
 Leda's Liquefaction      Hex/Erth       8%         N/A       34%         4
 Summon Hydra             Summ           25%        N/A       90%         7


Dungeon Overview and Level Annotations

Branches:
Dungeon (12/15)            Temple (1/1) D:4            Lair (2/5) D:10
  Swamp (1/4) Lair:2       Spider (1/4) Lair:2          Orc (0/2) D:12

Altars:
Ashenzari
Cheibriados
Dithmenos
Elyvilon
Fedhas
Gozag
Hepliaklqana
Kikubaaqudgha
Makhleb
Nemelex Xobeh
Okawaru
Qazlal
Ru
Sif Muna
Trog
Uskayaw
Vehumet
Wu Jian
Xom
Yredelemnul
Zin
The Shining One

Shops:
D:5 =   D:6 *   D:7 *   D:8 *

Annotations:
D:3 1 runed translucent door, demibob's ghost, amateur DsWn
Lair:2 exclusion: oklob plant


Innate Abilities, Weirdness & Mutations

You are very small and have problems with some larger weapons.
You are too small for most types of armour.
You have supernaturally acute eyesight. (SInv)
You cover ground extremely quickly. (Speed+++)


Message History

A pharaoh ant comes into view.
The steelbarb worm hits you.
Barbed spikes become lodged in your body.
The barbs in your skin will harm you if you move.
Continue? [Y]es or [N]o only, please.
The barbs in your skin will harm you if you move.
Continue? [Y]es or [N]o only, please.
The barbs in your skin will harm you if you move.
Continue? [Y]es or [N]o only, please.
The barbs in your skin will harm you if you move.
Continue?
Okay, then.
Cast which spell? (? or * to list)
The steelbarb worm hits you!!
Barbed spikes become lodged in your body.
The pharaoh ant bites your wolf!!!
Your wolf dies!
Your wolf's corpse disappears in a puff of smoke!
Casting: Call Canine Familiar (safe; 1% risk of failure)
Confirm with . or Enter, or press ? or * to list all spells.
You miscast Summon Guardian Golem.
You are very lightly contaminated with residual magic.
Nothing appears to happen.
A redback comes into view.
The steelbarb worm hits you!!
* * * LOW HITPOINT WARNING * * *
Barbed spikes become lodged in your body.
The steelbarb worm barely misses you.
As you read the scroll labelled GIOPLEXKAI, it crumbles to dust.
The scroll dissolves into smoke.
It was a scroll of fog.
The pharaoh ant closely misses you. The steelbarb worm misses you.
You feel much better. The pharaoh ant misses you. The steelbarb worm hits you!!
* * * LOW HITPOINT WARNING * * *
Barbed spikes become lodged in your body.
The barbs in your skin will harm you if you move.
Continue?
The barbed spikes dig painfully into your body as you move.
* * * LOW HITPOINT WARNING * * *
The barbed spikes dig painfully into your body as you move.
* * * LOW HITPOINT WARNING * * *
The pharaoh ant completely misses you. The redback bites you!
You die...

####. ..#
.#..#..# ..#
...... .. #.....
#.# ## ##..#..
..# ..#
..#...#.##§$#..#
....§§.§§§§...#
#.§§@§§#
#§§§Bs§#
#.§w§#§$#
###§##..# ## ..#
.## ##


You could see a steelbarb worm, a pharaoh ant and a redback.

Vanquished Creatures
  3 two-headed ogres
  Pikel (D:5)
  Joseph (D:8)
  A rime drake (Lair:1)
  2 unseen horrors (D:12)
  4 komodo dragons
  2 trolls
  2 tarantellas (Lair:2)
  A hornet (D:8)
  11 blink frogs
  2 slime creatures (D:10)
  2 wyverns (Lair:1)
  A shadow (D:8)
  35 yaks
  2 steam dragons
  A vampire mosquito (D:10)
  A basilisk (Lair:1)
  6 water moccasins
  A sky beast (D:6)
  4 ice beasts
  3 orc warriors
  7 black bears
  5 wolves
  2 ogres
  3 centaurs
  A phantom (D:5)
  Blork the orc (D:5)
  2 kobold brigands
  5 bullfrogs
  2 scorpions
  7 killer bees
  4 howler monkeys
  4 hounds
  3 orc priests
  3 sleepcaps
  Jessica (D:2)
  4 iguanas
  8 orc wizards
  A gnoll (D:1)
  10 adders
  2 white imps
  2 ufetubi
  2 worms (D:2)
  A dart slug (D:2)
  25 orcs
  5 ball pythons
  5 bats
  4 endoplasms
  3 giant cockroaches
  7 hobgoblins
  3 quokkas
  2 frilled lizards
  10 goblins
  14 kobolds
  8 rats
252 creatures vanquished.

Vanquished Creatures (collateral kills)
  A boulder beetle (D:12)
  A cyclops (D:11)
  4 centaur zombies (D:11)
  A cane toad (Lair:2)
  A rime drake (Lair:2)
  A yak (D:12)
  3 vampire mosquitoes
  3 water moccasins (Lair:2)
  3 wolves
18 creatures vanquished.

Vanquished Creatures (others)
  A hydra (Lair:2)
  Urug (Lair:1)
  A pharaoh ant (Lair:2)
  6 centaur zombies (D:11)
  2 slime creatures (D:11)
  A black mamba (Lair:1)
  A cane toad (Lair:2)
  2 gargoyles (D:11)
  2 yaks (Lair:1)
  5 vampire mosquitoes
  An acid dragon (D:12)
  3 water moccasins
  A wolf (Lair:1)
  A howler monkey zombie (D:11)
  6 fungi
  7 plants
41 creatures vanquished.

Grand Total: 311 creatures vanquished

Notes
Turn   | Place    | Note
-------+----------+-------------------------------------------
     0 | D:1      | Farfigtubin the Spriggan Venom Mage began the quest for the
                  | Orb.
     0 | D:1      | Reached XP level 1. HP: 9/9 MP: 5/5
   484 | D:1      | Reached XP level 2. HP: 13/13 MP: 3/6
   663 | D:1      | Found a faded altar of an unknown god.
   803 | D:1      | Reached XP level 3. HP: 16/16 MP: 0/8
  1175 | D:2      | Noticed Jessica
  1187 | D:2      | Killed Jessica
  1188 | D:2      | Reached skill level 4 in Poison Magic
  1249 | D:2      | Reached XP level 4. HP: 21/21 MP: 5/10
  1736 | D:2      | Learned a level 2 spell: Poisonous Vapours
  1964 | D:3      | Reached XP level 5. HP: 13/24 MP: 1/12
  2097 | D:3      | Found a runed translucent door.
  2098 | D:3      | Noticed demibob's ghost (amateur DsWn)
  2130 | D:3      | Found a shimmering altar of Xom.
  3026 | D:4      | Found a staircase to the Ecumenical Temple.
  3034 | D:4      | Reached skill level 5 in Stealth
  3038 | Temple   | Entered the Ecumenical Temple
  3171 | Temple   | Became a worshipper of Sif Muna the Loreminder
  3278 | D:4      | Noticed a black bear
  3335 | D:4      | Killed a black bear
  3336 | D:4      | Reached skill level 5 in Poison Magic
  3336 | D:4      | Reached XP level 6. HP: 28/28 MP: 2/13
  3987 | D:5      | Entered Level 5 of the Dungeon
  4089 | D:5      | Reached skill level 5 in Spellcasting
  4150 | D:5      | Reached skill level 6 in Poison Magic
  4150 | D:5      | Reached XP level 7. HP: 32/32 MP: 2/15
  4180 | D:5      | Noticed Pikel
  4302 | D:5      | Found Ucwixzas's Jewellery Shoppe.
  4571 | D:5      | Noticed Blork the orc
  4612 | D:5      | Killed Blork the orc
  4747 | D:5      | Found a sacrificial altar of Ru.
  4753 | D:5      | Reached * piety under Sif Muna
  4903 | D:5      | Reached skill level 7 in Poison Magic
  4953 | D:5      | Killed Pikel
  4954 | D:5      | Reached XP level 8. HP: 36/36 MP: 6/19
  5140 | D:6      | Reached skill level 8 in Poison Magic
  5993 | D:6      | Reached skill level 9 in Poison Magic
  5993 | D:6      | Reached XP level 9. HP: 39/39 MP: 10/21
  6315 | D:6      | Found Ijarr's General Store.
  6596 | D:7      | Reached skill level 10 in Stealth
  6640 | D:7      | Found Vunu's Gadget Gallery.
  6727 | D:7      | Reached ** piety under Sif Muna
  7323 | D:7      | Found a burning altar of Makhleb.
  7474 | D:7      | Identified the +0 trident of Jucweo {flame, rElec rPois
                  | Dex+2}
  7930 | D:8      | Noticed a two-headed ogre
  8003 | D:8      | Noticed Joseph
  8062 | D:8      | Killed Joseph
  8063 | D:8      | Reached skill level 10 in Poison Magic
  8224 | D:8      | Killed a two-headed ogre
  8225 | D:8      | Reached skill level 5 in Dodging
  8225 | D:8      | Reached XP level 10. HP: 44/44 MP: 18/24
  8766 | D:8      | Found Batep's Assorted Antiques.
  9546 | D:9      | Upgraded the game from 0.30-a0-852-g08b95dd62f to
                  | 0.30-a0-857-gcaf70739d4
  9662 | D:9      | Reached skill level 11 in Poison Magic
  9757 | D:9      | Noticed a two-headed ogre
  9795 | D:9      | Killed a two-headed ogre
  9811 | D:9      | Found an ornate altar of the Wu Jian Council.
 10353 | D:9      | Reached skill level 1 in Ranged Weapons
 10473 | D:9      | Reached *** piety under Sif Muna
 10492 | D:9      | Reached skill level 1 in Invocations
 11054 | D:10     | Entered Level 10 of the Dungeon
 11130 | D:10     | Reached skill level 10 in Spellcasting
 11130 | D:10     | Reached XP level 11. HP: 47/47 MP: 19/26
 11227 | D:10     | Found a staircase to the Lair.
 11324 | D:10     | Found a stormy altar of Qazlal.
 11859 | D:10     | Found a hazy altar of Hepliaklqana.
 12210 | D:10     | Learned a level 3 spell: Summon Guardian Golem
 12574 | D:10     | Learned a level 3 spell: Call Canine Familiar
 12586 | D:11     | Reached skill level 1 in Summonings
 12611 | D:11     | Reached skill level 12 in Poison Magic
 12836 | D:5      | Bought an amulet of the acrobat for 450 gold pieces
 13372 | D:10     | Reached **** piety under Sif Muna
 14136 | D:11     | Reached skill level 5 in Ranged Weapons
 14366 | D:11     | Found a basalt altar of Yredelemnul.
 14585 | D:11     | Reached XP level 12. HP: 51/51 MP: 14/27
 15568 | D:12     | Noticed a boulder beetle
 15571 | D:12     | Found a staircase to the Orcish Mines.
 15581 | D:12     | Noticed a two-headed ogre
 15587 | D:12     | Killed a boulder beetle
 15598 | D:12     | Killed a two-headed ogre
 15943 | Lair:1   | Entered Level 1 of the Lair of Beasts
 15963 | Lair:1   | Identified the +1 robe "Etzon" {rF+++ rN+ Int-5 Stlth+}
 16025 | Lair:1   | Reached ***** piety under Sif Muna
 16602 | Lair:1   | Reached skill level 5 in Summonings
 16602 | Lair:1   | Received a gift from Sif Muna
 16652 | Lair:1   | Noticed Urug
 16683 | Lair:1   | Killed Urug
 16684 | Lair:1   | Reached skill level 5 in Invocations
 17867 | Lair:2   | Found a hole to the Spider Nest.
 17968 | Lair:2   | Reached skill level 10 in Dodging
 18199 | Lair:2   | Found a staircase to the Swamp.
 18266 | Lair:2   | Reached XP level 13. HP: 49/55 MP: 29/29
 18591 | Lair:2   | Reached skill level 13 in Poison Magic
 19019 | Lair:2   | Upgraded the game from 0.30-a0-857-gcaf70739d4 to
                  | 0.30-a0-859-gf88a04b62d
 19052 | Swamp:1  | Entered Level 1 of the Swamp
 19052 | Swamp:1  | Noticed a ghoul
 19075 | Spider:1 | Entered Level 1 of the Spider Nest
 19084 | Spider:1 | HP: 1/55 [barbs]
 19084 | Spider:1 | Mangled by a redback

Illustrated notes

Levels and vault maps discovered:
D:1:      dpeg_arrival_castle, layout_loops_ring,
          hellmonk_ecumenical_altar_blasted
D:2:      layout_basic, uniq_jessica
D:3:      layout_basic, lemuel_tele_altar, ebering_ghost_reflecting_pool,
          serial_bayou_pond_d
D:4:      cheibrodos_quashed, layout_loops_ring,
          minmay_temple_entry_proselytizer
D:5:      layout_rooms, nicolae_ru_awakened_eye, serial_shops,
          nicolae_take_the_stairs, uniq_pikel, uniq_blork_the_orc
D:6:      layout_gridville, serial_shops, shop
D:7:      layout_layer_cave, mainiacjoe_overflow_brackets, nicolae_shop_gadgets
D:8:      layout_loops_corners, serial_shops,
          nicolae_shop_temple_entry_statues_fountains, minmay_crystal_room,
          st_stairs_5, uniq_joseph
D:9:      layout_loops_cross, mainiacjoe_overflow_concentric_impassable
D:10:     nicolae_cairo_tiling, layout_rooms, nicolae_hepliaklqana_hippocampus,
          grunt_qazlal_sundering
D:11:     layout_roguey, ebering_dispersal_statue_hall,
          nicolae_yredelemnul_corpse_copse
D:12:     layout_loops_corners, orc_0_dummy
Temple:   nicolae_temple_superstar
Lair:1:   layout_gridlike, minivault_26, infiniplex_staircase_pool_2,
          grunt_megastairs_1, uniq_urug
Lair:2:   dpeg_oklob_gauntlet, layout_gridlike, minmay_swamp_entry_swarm,
          nicolae_spider_entry_lesser_pyramids
Swamp:1:  layout_falls_marsh, infiniplex_staircase_pool, swamp_pool1,
          nicolae_swamp_vermiculated
Spider:1: nicolae_spider_mines_2

Skill      XL: |  1  2  3  4  5  6  7  8  9 10 11 12 13 |
---------------+----------------------------------------+-----
Spellcasting   | 3 4 5 6 7 9 10 11 12 | 12.0
Stealth        | 4 5 6 8 9 11 12 | 12.1
Poison Magic   | 4 5 6 7 9 10 11 12 13 | 13.0
Dodging        | 5 7 8 10 | 10.3
Ranged Weapons | 2 5 6 |  6.5
Invocations    | 2 4 5 6 |  6.1
Summonings     | 3 6 |  6.5
Transmutations | |  1.3

Action                     |  1- 3 |  4- 6 |  7- 9 | 10-12 | 13-15 || total
---------------------------+-------+-------+-------+-------+-------++-------
  Melee: Dagger            |     8 |     5 |       |       |       ||    13
         Short sword       |       |     1 |    49 |   111 |       ||   161
         Punch             |       |       |     1 |     1 |       ||     2
   Fire: Sling             |       |       |       |    12 |     2 ||    14
   Cast: Sting             |    51 |    73 |    76 |   264 |    20 ||   484
         Poisonous Vapours |       |    29 |    86 |   176 |    13 ||   304
         Call Canine Famil |       |       |       |    51 |     5 ||    56
         Summon Guardian G |       |       |       |    55 |     4 ||    59
  Evoke: Wand              |       |       |     5 |     8 |       ||    13
    Use: Scroll            |       |     3 |     4 |     6 |     2 ||    15
         Potion            |       |       |       |     3 |     1 ||     4
   Stab: Sleeping          |       |     1 |     1 |     9 |       ||    11
         Paralysed         |       |       |       |     1 |       ||     1
 Armour: Robe              |     7 |     3 |     3 |    28 |       ||    41
  Dodge: Dodged            |    20 |    15 |    54 |   370 |     6 ||   465
         Repelled          |       |     1 |     1 |     1 |       ||     3

Table legend: (Time is in decaauts)
 A = Elapsed time spent in this place.
 B = Non-inter-level travel time spent in this place.
 C = Inter-level travel time spent in this place.
 D = Time resting spent in this place.
 E = Time spent auto-exploring this place.
 F = Levels seen in this place.
 G = Mean time per level.
                   A        B        C        D        E       F      G
               +--------+--------+--------+--------+--------+-----+--------+
         Total |  13464 |  12702 |    762 |   1294 |   3019 |  17 |  792.0 |
       Dungeon |  11391 |  10712 |    679 |   1203 |   2553 |  12 |  949.2 |
        Temple |     99 |     83 |     16 |      0 |     71 |   1 |   99.0 |
          Lair |   1964 |   1898 |     66 |     91 |    394 |   2 |  982.0 |
         Swamp |      1 |      1 |      0 |      0 |      0 |   1 |    1.0 |
   Spider Nest |      7 |      7 |      0 |      0 |      0 |   1 |    7.0 |
               +--------+--------+--------+--------+--------+-----+--------+

Top non-repeatable levels by time:
    D:10: 1557 daAuts
     D:8: 1368 daAuts
    D:11: 1289 daAuts
     D:6: 1091 daAuts
     D:9: 1016 daAuts
  Lair:2: 1009 daAuts
  Lair:1: 954 daAuts
     D:7: 865 daAuts
    D:12: 769 daAuts
     D:5: 732 daAuts
     D:3: 721 daAuts
     D:2: 670 daAuts
     D:1: 663 daAuts
     D:4: 645 daAuts
  Temple: 99 daAuts
